 Dungeon Crawl Stone Soup version 0.18.1-48-g4cf74bf (webtiles) character file.

25 tyranidshit the Grave Robber (level 2, -4/25 HPs)
             Began as a Deep Dwarf Necromancer on July 12, 2016.
             Killed from afar by Sigmund (5 damage)
             ... with a puff of flame
             ... on level 2 of the Dungeon.
             The game lasted 00:06:02 (930 turns).

tyranidshit the Grave Robber (DDNe)                  Turns: 930, Time: 00:06:03

Health: -4/25      AC:  2    Str: 11    XL:     2   Next: 82%
Magic:  1/5        EV: 12    Int: 15    God:
Gold:   40         SH:  0    Dex: 13    Spells: 1 memorised, 4 levels left

rFire  . . .     SeeInvis .     f - +0 spear
rCold  . . .     Gourm    .     a - +0 robe
rNeg   . . .     Faith    .     (no shield)
rPois  .         Spirit   .     (no helmet)
rElec  .         Dismiss  .     (no cloak)
rCorr  .         Reflect  .     (no gloves)
SustAt .         Harm     .     (no boots)
MR     .....                    (no amulet)
Stlth  ++........               (no ring)
                                (no ring)

@: non-regenerating, not resistant to hostile enchantments, unstealthy
A: damage resistance, recharge devices, sense surroundings 1, slow regeneration
3
a: Device Recharging


You were on level 2 of the Dungeon.
You were hungry.

You visited 1 branch of the dungeon, and saw 2 of its levels.

You collected 40 gold pieces.

Inventory:

Hand Weapons
 f - a +0 spear (weapon)
Missiles
 h - 19 poisoned needles
Armour
 a - a +0 robe (worn)
Wands
 c - a wand of heal wounds (0/9)
Scrolls
 e - a scroll of identify {unknown}
 i - a scroll of recharging {unknown}
 j - 2 scrolls of immolation {unknown}
 k - a scroll of remove curse {unknown}
Books
 b - a book of Necromancy

   Spells                             Type                      Level
   a - Pain                           Necromancy                   1
   b - Animate Skeleton               Necromancy                   1
   c - Vampiric Draining              Necromancy                   3
   d - Regeneration                   Charms/Necromancy            3
   e - Animate Dead                   Necromancy                   4
   f - Control Undead                 Necromancy                   4
Comestibles
 d - a bread ration
 l - a beef jerky


   Skills:
 + Level 1.3 Fighting
 - Level 2.1 Dodging
 - Level 2.4 Stealth
 + Level 2.4 Spellcasting
 - Level 4.3 Necromancy


You had 4 spell levels left.
You knew the following spells:

 Your Spells              Type           Power        Failure   Level  Hunger
a - Pain                  Necr           ##..         4%          1    #......


Dungeon Overview and Level Annotations

Branches:
Dungeon (2/15)

Altars:
Ashenzari

Annotations:
D:2 Sigmund


Innate Abilities, Weirdness & Mutations

You are resistant to damage.
You can recharge devices by infusing magical energy.
You passively map a small area around you.
You do not regenerate naturally.


Message History

Press: ? - help, Shift-Dir - straight line Nothing appears to happen.
You hear some strange, mumbled words.
You are confused.
Drink which item? (? for menu, Esc to quit)
It was a potion of heal wounds.
You feel much better. Something hits you! Something hits you.
You hear some strange, mumbled words.
A puff of flame appears from out of thin air!
The puff of flame hits you!
* * * LOW HITPOINT WARNING * * *
Something hits you!
* * * LOW HITPOINT WARNING * * *
Evoke which item? (* to show all) (? for menu, Esc to quit)
Okay, then.
You feel less confused.
You hear a zap.
You hear a grinding noise.
A puff of flame appears from out of thin air!
The puff of flame hits you!
You die...

#......<.#...........####
#.....#..#.#'##########..
#.....#..#.#.# #.#
#.....####.#.# #.#
#.....####.#.# #.#
####..........#.# #.#
#..[......#####.# #.#
#[#####..#.####.# #.# *
#......@..#.# #.#
#.##.###..#.# #.# ,
......# *#.#.# #.#
#####.## *...# #.# #..
,#.# #.# ####
#.##########.#
#............#
*#.############ ###


There were no monsters in sight!

Vanquished Creatures
  A giant gecko (D:1)
  2 giant cockroaches (D:1)
  7 hobgoblins
  2 kobolds (D:1)
  5 bats
  3 goblins (D:1)
  A rat (D:1)
21 creatures vanquished.

Notes
Turn   | Place    | Note
--------------------------------------------------------------
     0 | D:1      | tyranidshit the Deep Dwarf Necromancer began the quest for the Orb.
     0 | D:1      | Reached XP level 1. HP: 15/15 MP: 3/3
   199 | D:1      | Reached XP level 2. HP: 19/24 MP: 0/5
   218 | D:1      | Reached skill level 1 in Fighting
   782 | D:2      | Noticed Sigmund
   825 | D:2      | Found a shattered altar of Ashenzari.
   925 | D:2      | HP: 1/25 [something (6)]
   930 | D:2      | Killed from afar by Sigmund

Skill      XL: |  1  2 |
---------------+-------+-----
Spellcasting   | 2 |  2.4
Fighting       | 1 |  1.3
Dodging        | |  2.1
Stealth        | |  2.4
Necromancy     | |  4.3

Action                   || total
-------------------------++-------
Melee: Spear             ||    42
       Unarmed           ||     1
 Cast: Pain              ||    43
Evoke: Wand              ||     5
  Use: Potion            ||     1
 Stab: Sleeping          ||     1
Armor: Robe              ||    17
Dodge: Dodged            ||    65
